AoeStats
← Trickshot

Arabia

508422236Analyzed
1v1 RM · 10d ago on Sep 22, 2026· 22m 50s· 2 players
Game mode
Random Map
Map size
Tiny (2 player)
Population
200
Speed
Normal
Resources
Standard
Victory
Conquest
Starting age
Dark Age
Ending age
Imperial Age
RankedLock teamsTeams togetherTeam positionsShared explorationLock speedFull tech treeHidden civsTurbo modeCheats
Victory
Defeat
🇪🇸 Italians · Spain
1182
+15
🇩🇪 Wei · Germany
1165
-15
Trickshot
6:56 Loom
9:16 Feudal Age
9:46 Double-Bit Axe
10:29 Loom
11:02 Horse Collar
18:03 Fletching
21:40 Castle Age
20:15 Gold Mining
21:23 Padded Archer Armor
Sir.Uja
3:36 Loom
8:45 Feudal Age
9:18 Double-Bit Axe
11:39 Fletching
17:24 Padded Archer Armor
21:36 Castle Age
19:27 Horse Collar
20:22 Gold Mining
21:37 Crossbowman
22:13 Bodkin Arrow
Connection lost

Rejoining the realm…

Still unreachable

The connection could not be restored.

Session expired

The server has moved on; the page needs a fresh start.